[Event "Late-Titled-Tuesday-Blitz-December-26-2023"]
[Site "Chess.com"]
[Date "2023.12.26"]
[Round "8"]
[White "dosto07"]
[Black "laskakid"]
[Result "1-0"]
[WhiteElo "2533"]
[BlackElo "2363"]
[TimeControl "180+1"]
[EndTime "15:27:37 PST"]
[Termination "dosto07 won on time"]

1. e4 e5 2. Nf3 Nc6 3. Bb5 a6 4. Ba4 Nf6 5. O-O d6 6. Bxc6+ bxc6 7. d4 exd4 8. Nxd4 c5 9. Ne2 Be7 10. Nbc3 O-O 11. f3 Rb8 12. b3 Re8 13. Ng3 Be6 14.
Qd3 Nd7 15. Nd5 Bf8 16. Bb2 Nb6 17. Nf4 c4 18. Nxe6 fxe6 19. Qc3 cxb3 20. axb3 Nd7 21. Rxa6 Nc5 22. Ra7 Re7 23. Rfa1 Rf7 24. Qc4 d5 25. exd5 exd5 26. Qg4 Nd7 27. Nf5 g6 28. Nd4 Bc5 29. R7a6 Ne5 30. Qe6 Bd6 31. Kh1 c6 32. Nxc6 Nxc6 33.
Rxc6 Bf8 34. Rca6 d4 35. Qe4 Bg7 36. Ra8 Rf8 37. Rxb8 Qxb8 38. Qd5+ Kh8 39. Bxd4 h5 40. Bxg7+ Kxg7 41. Qd7+ Kh6 42. Ra7 Qb4 43. Qg7+ Kg5 44. Qe7+ 1-0

[Event "Late-Titled-Tuesday-Blitz-December-26-2023"]
[Site "Chess.com"]
[Date "2023.12.26"]
[Round "8"]
[White "b_6"]
[Black "staz_staz"]
[Result "0-1"]
[WhiteElo "2363"]
[BlackElo "2269"]
[TimeControl "180+1"]
[EndTime "15:27:37 PST"]
[Termination "staz_staz won on time"]

1. d4 d5 2. Nf3 Nf6 3. Bf4 c5 4. e3 Nc6 5. Nbd2 Bf5 6. dxc5 e6 7. b4 Nxb4 8. Bb5+ Nc6 9. Nd4 Rc8 10. N2b3 Bg6 11.
Nxc6 bxc6 12. Ba6 Be7 13. Bxc8 Qxc8 14. O-O O-O 15. Qe2 Ne4 16. c4 Qa6 17. Rac1 Nxc5 18. Nxc5 Bxc5 19. Rfe1 Bb4 20. cxd5 Bd3 21. Qb2 Bxe1 22.
Rxe1 cxd5 23. Rc1 Bc4 24. a3 h6 25. Be5 f6 26. Bc3 Rc8 27. Bb4 Qc6 28. Qd4 a6 29.
Qg4 Qd7 30. h4 Qf7 31. Rc3 Rb8 32. Qf4 e5 33. Qg4 f5 34. Qg3 g6 35. Qxe5 Re8 36. Qd4 f4 37. Rc1 fxe3 38. fxe3 Rf8 39. Bc3 Qf2+ 40. Kh2 Kf7 41. Qg7+ Ke8 42. Qd4 Qf5 0-1

[Event "Late-Titled-Tuesday-Blitz-December-26-2023"]
[Site "Chess.com"]
[Date "2023.12.26"]
[Round "8"]
[White "BestestBP"]
[Black "Veleamater"]
[Result "1/2-1/2"]
[WhiteElo "2192"]
[BlackElo "2343"]
[TimeControl "180+1"]
[EndTime "15:27:40 PST"]
[Termination "Game drawn by repetition"]

1. c4 d6 2. d4 g6 3. Nf3 Bg7 4. Nc3 Nf6 5. g3 O-O 6. Bg2 Nc6 7. O-O e5 8. dxe5 dxe5 9. Bg5 Be6 10. Nd2 h6 11. Bxf6 Bxf6 12. Nde4 Be7 13. Qc1 Kg7 14. Rd1 Bd7 15. Nd5 f5 16. Nec3 e4 17. f3 exf3 18.
exf3 Bc5+ 19. Kh1 Ne5 20. b4 Be7 21. Nxe7 Qxe7 22. Nd5 Qf7 23. Qc3 Rae8 24. f4 c6 25. fxe5 Be6 26. Nf4 g5 27. Nxe6+ Rxe6 28. Rd6 Rfe8 29.
Rad1 Kf8 30. Rd7 R8e7 31. Rd8+ Kg7 32. Re1 Qh5 33. b5 f4 34. gxf4 gxf4 35. Rg1 Kf7 36. Qd3 Rg6 37. e6+ Rexe6 38. Rd7+ Kf6 39. Qd4+ Qe5 40.
Qxe5+ Kxe5 41. Re1+ Kf6 42. Rxe6+ Kxe6 43. bxc6 bxc6 44.
Rd1 Ke5 45. Re1+ Kf6 46. Bxc6 Kf7 47. Bd5+ Kf8 48. c5 Ra6 49. c6 Ra5 50. c7 Rc5 51. Rf1 Rxc7 52. Rxf4+ Kg7 53. Rf1 Rc5 54. Bb3 a5 55. Rf2 Kg6 56. Kg2 Kg5 57. h3 h5 58.
Rd2 Kf4 59. Rf2+ Ke3 60. Rf3+ Ke4 61. Rf2 Rg5+ 62. Kh2 h4 63. Rg2 Rc5 64. Rg4+ Kf3 65. Rxh4 Re5 66. Rc4 Re2+ 67. Kg1 Re1+ 68. Kh2 Re2+ 69.
Kg1 Re1+ 70. Kh2 Re2+ 1/2-1/2

[Event "Late-Titled-Tuesday-Blitz-December-26-2023"]
[Site "Chess.com"]
[Date "2023.12.26"]
[Round "8"]
[White "prime-morty"]
[Black "TanitoluwaAps116"]
[Result "1/2-1/2"]
[WhiteElo "2576"]
[BlackElo "2757"]
[TimeControl "180+1"]
[EndTime "15:27:41 PST"]
[Termination "Game drawn - insufficient material"]

1. c4 e5 2. Nc3 Nc6 3. g3 g6 4.
Bg2 d6 5. Rb1 Be6 6. d3 Bg7 7.
b4 Qc8 8. b5 Nce7 9. e4 h5 10.
h3 h4 11. g4 f5 12. exf5 gxf5 13. gxf5 Nxf5 14. Nge2 Nf6 15. Bg5 Nh7 16. Bd2 O-O 17.
O-O Nd4 18. Nxd4 exd4 19. Nd5 Qd7 20. Qh5 Rae8 21. Be4 Bf5 22. Bxf5 Rxf5 23. Qxh4 Rf3 24. Rbe1 Be5 25. Qg4+ Qxg4+ 26. hxg4 Rxd3 27. Bf4 c6 28. bxc6 bxc6 29. Nb4 Rf3 30. Bxe5 dxe5 31. Nxc6 Ng5 32.
Rxe5 Rxe5 33. Nxe5 Ra3 34. Rd1 Ra5 35. Nc6 Rxa2 36. Nxd4 Nh3+ 37. Kg2 Nxf2 38. Rb1 Nxg4+ 39. Kg3 Ne5 40. c5 Kf7 41. Rb7+ Kf6 42. c6 Ra4 43. c7 Rc4 44. Rxa7 Nf7 45. Nb5 Ke6 46. Ra6+ Kd7 47.
Rf6 Ke7 48. Rxf7+ Kxf7 49. Nd6+ Ke7 50. Nxc4 Kd7 51. c8=Q+ Kxc8 1/2-1/2

[Event "Late-Titled-Tuesday-Blitz-December-26-2023"]
[Site "Chess.com"]
[Date "2023.12.26"]
[Round "8"]
[White "morte-negra"]
[Black "frequentblunders"]
[Result "0-1"]
[WhiteElo "1993"]
[BlackElo "2111"]
[TimeControl "180+1"]
[EndTime "15:27:41 PST"]
[Termination "frequentblunders won on time"]

1. e4 e6 2. d4 c5 3. Nf3 cxd4 4. Nxd4 Nc6 5. Nc3 Nf6 6. Be3 Bb4 7. Nxc6 bxc6 8.
Bd3 d5 9. a3 Ba5 10. b4 d4 11.
bxa5 dxe3 12. O-O exf2+ 13. Rxf2 Qxa5 14. Ne2 O-O 15. Nf4 Qe5 16. Rb1 Nxe4 17. Qe2 f5 18. Nh5 Bd7 19. Ng3 Rab8 20. Re1 Qc5 21. Nxe4 fxe4 22.
Bxe4 Qxa3 23. Qh5 g6 24. Bxg6 hxg6 25. Qxg6+ Kh8 26. Qh6+ Kg8 27. Qg6+ Kh8 28. Rf7 Rxf7 29. Qxf7 Qd6 30. Qh5+ Kg8 31. Qg6+ Kf8 32. Rf1+ Ke7 33. Rf7+ Kd8 34. Qg8+ Kc7 35. Qg4 Qc5+ 36. Kf1 Rb1+ 37.
Ke2 Qxc2+ 38. Ke3 Rb3+ 39. Kf4 Rb4+ 40. Kg5 Rxg4+ 41. Kxg4 Qxg2+ 0-1

[Event "Late-Titled-Tuesday-Blitz-December-26-2023"]
[Site "Chess.com"]
[Date "2023.12.26"]
[Round "8"]
[White "German_Bazeev"]
[Black "grandemestregringo"]
[Result "1-0"]
[WhiteElo "2847"]
[BlackElo "2666"]
[TimeControl "180+1"]
[EndTime "15:27:43 PST"]
[Termination "German_Bazeev won by resignation"]

1. d4 f5 2. Bg5 g6 3. h4 Bg7 4.
h5 h6 5. Bc1 g5 6. Nc3 Nc6 7.
d5 Ne5 8. Nf3 e6 9. g3 Ne7 10.
dxe6 dxe6 11. Qxd8+ Kxd8 12. Bg2 Ng4 13. O-O c6 14. e4 Kc7 15. Re1 Re8 16. exf5 exf5 17. Nxg5 hxg5 18. Bxg5 Bf6 19. Bf4+ Kb6 20. Na4+ Kb5 21.
b3 Ka6 22. Rad1 b5 23. Nc5+ Kb6 24. Nd7+ Bxd7 25. Rxd7 Nd5 26. Rxe8 Rxe8 27. Bxd5 cxd5 28. Rxd5 Re1+ 29. Kg2 b4 30. h6 Bc3 31. Rxf5 Re7 32. f3 Re2+ 33. Kf1 Rf2+ 34. Kg1 Rxf3 35. Kg2 Rf2+ 36. Kh3 Nxh6 37. Be3+ Kc6 38. Rxf2 Ng8 39. Bxa7 Kd5 40. Be3 Ne7 41. Rf4 Ng6 42. Kg4 Ne5+ 43. Kf5 Nf7 44. g4 Nd6+ 45. Kg6 Ke6 46. Rf5 Nc8 47.
Bc5 1-0

[Event "Late-Titled-Tuesday-Blitz-December-26-2023"]
[Site "Chess.com"]
[Date "2023.12.26"]
[Round "8"]
[White "sheldons73tshirt"]
[Black "vladoboch"]
[Result "1-0"]
[WhiteElo "2688"]
[BlackElo "2438"]
[TimeControl "180+1"]
[EndTime "15:27:43 PST"]
[Termination "sheldons73tshirt won by resignation"]

1. d4 Nf6 2. Nf3 g6 3. c4 Bg7 4. Nc3 O-O 5. g3 d6 6. Bg2 Nc6 7. O-O Bf5 8. Re1 e5 9. e3 Qd7 10.
a3 Rfe8 11. d5 Ne7 12. e4 Bh3 13. Bh1 Rf8 14. Ng5 h6 15. Nxh3 Qxh3 16. Bg2 Qd7 17.
b4 Ne8 18. c5 f5 19. f3 Kh7 20. Qa4 Qd8 21. Bh3 f4 22. Kg2 Ng8 23. cxd6 Nxd6 24. Ra2 h5 25. Qd7 Qf6 26. Qe6 Qg5 27. Qd7 Rf7 28. Qa4 Raf8 29. Rf2 Nc4 30. Be6 Re7 31. Qb3 Ne3+ 32. Bxe3 fxe3 33. Rfe2 h4 34. Rxe3 Nf6 35.
Ne2 Bh6 36. Rd3 Nh5 37. Bg4 Nf6 38. h3 hxg3 39. Nxg3 Nxg4 40. hxg4 Ref7 41. Rh1 Kg7 42.
Qc3 Qf4 43. Ne2 Qf6 44. Rh3 Bg5 45. Ng1 Bf4 46. Ne2 Qd8 47. Nxf4 Rxf4 48. Qxe5+ R4f6 49. g5 1-0

[Event "Late-Titled-Tuesday-Blitz-December-26-2023"]
[Site "Chess.com"]
[Date "2023.12.26"]
[Round "8"]
[White "carokannlover213"]
[Black "mbojan"]
[Result "0-1"]
[WhiteElo "2687"]
[BlackElo "2895"]
[TimeControl "180+1"]
[EndTime "15:27:44 PST"]
[Termination "mbojan won by checkmate"]

1. e4 a6 2. d4 e6 3. Nc3 d5 4. Bd3 c5 5. dxc5 Bxc5 6. exd5 exd5 7. Nxd5 Bxf2+ 8. Kxf2 Qxd5 9. Qf3 Be6 10. Be4 Qd4+ 11.
Be3 Qxb2 12. Bxb7 Qxa1 13. Bc6+ Kf8 14. Bc5+ Ne7 15. Bxa8 Nd7 16. Bb4 Qd4+ 17. Qe3 Qxb4 18. Nf3 Nf5 19. Qd3 Ke7 20. Be4 Nc5 21. Bxf5 Nxd3+ 22. Bxd3 Rd8 23. Re1 Kf8 24. Re4 Qc5+ 25. Kg3 Bxa2 26.
Ne5 Be6 27. h4 h6 28. Nf3 g6 29. h5 g5 30. Re5 Qd6 31. Kf2 Kg7 32. Re4 Rc8 33.
Rd4 Qc5 34. Kg3 Qc7+ 35. Kf2 Rd8 36. Ra4 Qc5+ 37. Kg3 a5 38. Ra1 Bd5 39. Nh2 Qd6+ 40. Kh3 Qe6+ 41. Kg3 Qe5+ 42. Kh3 Qxa1 43. Ng4 Be6 44.
Kg3 Bxg4 45. Kxg4 Rxd3 46. cxd3 Qd4+ 47. Kg3 Qxd3+ 48. Kg4 Qd4+ 49. Kg3 Qf4+ 50. Kh3 Qh4# 0-1

[Event "Late-Titled-Tuesday-Blitz-December-26-2023"]
[Site "Chess.com"]
[Date "2023.12.26"]
[Round "8"]
[White "micke12a"]
[Black "GoValya"]
[Result "1-0"]
[WhiteElo "2402"]
[BlackElo "2298"]
[TimeControl "180+1"]
[EndTime "15:27:45 PST"]
[Termination "micke12a won by resignation"]

1. e4 e6 2. d4 d5 3. Nd2 c5 4. Ngf3 cxd4 5. Nxd4 Nf6 6. Bd3 Nc6 7. Nxc6 bxc6 8.
exd5 exd5 9. O-O Be7 10. Re1 O-O 11. h3 h6 12. c4 Be6 13. Qc2 Rc8 14. Nf3 c5 15. cxd5 Nxd5 16. a3 Bf6 17. Bc4 Qb6 18.
Ne5 Rfd8 19. b3 Ne7 20. Bb2 Bxc4 21. Qxc4 Bxe5 22. Rxe5 Ng6 23. Rf5 Qe6 24. Qxe6 fxe6 25. Rf3 Rd5 26. Re1 e5 27. Rfe3 Re8 28. g3 Kf7 29. f4 Red8 30. fxe5 Rd2 31. e6+ Ke7 32. Bxg7 Ra2 33. R1e2 Rxa3 34. Bxh6 Rd1+ 35. Kf2 Raa1 36. Bg5+ Ke8 37. Re1 Ra2+ 38. R3e2 Rxe2+ 39. Rxe2 Rd3 40. Rd2 Rxd2+ 41. Bxd2 Ke7 42. Kf3 Kxe6 43. Ke4 Ne7 44.
g4 Ng6 45. Bg5 Kd6 46. h4 Ke6 47. h5 Nf8 48. h6 Nh7 49. Be3 Kf6 50. Kf4 Ke6 51.
Bxc5 Kf6 52. Bxa7 Kg6 53. Bd4 Kxh6 54. b4 Nf8 55. Kf5 Nd7 56. Ke6 Nf8+ 57. Ke7 Ng6+ 58. Kf7 Kg5 59. b5 Nf4 60. Be3 Kxg4 61. Bxf4 1-0

[Event "Late-Titled-Tuesday-Blitz-December-26-2023"]
[Site "Chess.com"]
[Date "2023.12.26"]
[Round "8"]
[White "SCIM"]
[Black "bazar-wokzal"]
[Result "0-1"]
[WhiteElo "2522"]
[BlackElo "2658"]
[TimeControl "180+1"]
[EndTime "15:27:46 PST"]
[Termination "bazar-wokzal won on time"]

1. d4 Nf6 2. c4 Nc6 3. Nf3 e6 4.
Nc3 Bb4 5. Qc2 d6 6. Bd2 O-O 7. e3 e5 8. d5 Nb8 9. Bd3 c6 10. e4 cxd5 11. cxd5 Bg4 12. Be2 Nbd7 13. h3 Bh5 14. a3 Bxc3 15. Bxc3 Nc5 16. Nd2 Bg6 17. Bf3 Nxd5 18. O-O Nf4 19. Rfd1 Qg5 20.
Kh2 d5 21. g3 Nfd3 22. b4 dxe4 23. bxc5 exf3 24. Nxf3 Qf5 25. Nxe5 Qxf2+ 26. Qxf2 Nxf2 27. Rd7 Ne4 28. Be1 Nxc5 29. Rc7 Rfc8 30. Re7 Kf8 31. Nxg6+ hxg6 32. Re5 Ne6 33. Rb1 b6 34. Kg1 Rc2 35. Re3 Rac8 36. Rd1 Rc1 37. Red3 Rxd1 38.
Rxd1 Ke7 39. g4 g5 40. Bb4+ Kf6 41. Rf1+ Kg6 42. Re1 Rc2 43. Bd6 Nf4 44. Re3 b5 45. Rb3 a6 46. Re3 Ne2+ 47. Kf2 Nf4+ 0-1

[Event "Late-Titled-Tuesday-Blitz-December-26-2023"]
[Site "Chess.com"]
[Date "2023.12.26"]
[Round "8"]
[White "IMRosen"]
[Black "INLOVEWITHF"]
[Result "1-0"]
[WhiteElo "2691"]
[BlackElo "2531"]
[TimeControl "180+1"]
[EndTime "15:27:46 PST"]
[Termination "IMRosen won by resignation"]

1. e4 c5 2. Nc3 d6 3. f4 Nc6 4.
Nf3 g6 5. Bc4 Bg7 6. O-O e6 7.
d4 cxd4 8. Nb5 Nge7 9. Bb3 O-O 10. Nbxd4 Na5 11. Qe2 a6 12. c3 Nxb3 13. axb3 b6 14. Be3 Bb7 15. Bf2 e5 16. fxe5 dxe5 17. Nc2 Qc8 18.
Bh4 f6 19. Nd2 g5 20. Bf2 Ng6 21. Bxb6 Nf4 22. Qc4+ Qxc4 23. bxc4 f5 24. g3 Nh3+ 25. Kg2 g4 26. Ne3 Ng5 27. Nd5 fxe4 28. Be3 Nf3 29.
Nxe4 Rfd8 30. Rad1 h5 31. h3 Kh7 32. hxg4 hxg4 33.
Rh1+ Kg6 34. b4 Rac8 35. Bc5 Bf8 36. Rh8 Kg7 37. Bxf8+ Rxf8 38. Rxf8 Kxf8 39. Nd6 Rb8 40. Nxb7 Rxb7 41. Ne3 Rc7 42. Nxg4 e4 43. Ne3 Ne5 44. c5 Nd3 45. Rh1 Ke8 46. Rh8+ Kd7 47. Rh7+ Kc6 48. Rxc7+ Kxc7 49. g4 Kc6 50. g5 Ne5 51. Kg3 Ng6 52.
Kg4 a5 53. bxa5 Kxc5 54. Kf5 Ne7+ 55. Kf6 Kb5 56. Kxe7 1-0

[Event "Late-Titled-Tuesday-Blitz-December-26-2023"]
[Site "Chess.com"]
[Date "2023.12.26"]
[Round "8"]
[White "aranibos"]
[Black "Vision_64"]
[Result "1-0"]
[WhiteElo "2171"]
[BlackElo "2286"]
[TimeControl "180+1"]
[EndTime "15:27:47 PST"]
[Termination "aranibos won on time"]

1. d4 Nf6 2. Nf3 g6 3. Bg5 Bg7 4. Nbd2 d6 5. e3 O-O 6. Bd3 Nbd7 7. h4 e5 8. h5 exd4 9. exd4 Qe8+ 10. Kf1 Nxh5 11.
Rxh5 gxh5 12. Nh4 f6 13. Bf4 Nb6 14. c3 f5 15. Qc2 Nd5 16. Re1 Qf7 17. Bg3 Ne7 18.
f4 Ng6 19. Nhf3 h6 20. Bc4 d5 21. Bd3 Bd7 22. Ne5 Nxe5 23. dxe5 Qg6 24. Kf2 Rae8 25. Nf3 Qb6+ 26. Kf1 Bb5 27. Bf2 Qa6 28. Bxb5 Qxb5+ 29. Kg1 c5 30. a4 Qc6 31. Nh4 Qe6 32. g3 b6 33. Qd3 Kh8 34. Rd1 Rd8 35. Nf3 Rg8 36.
Kh2 Bf8 37. Qa6 Rd7 38. Nh4 Rf7 39. Qe2 Be7 40. Qxh5 Bxh4 41. Qxh4 Rg4 42. Qh5 Qg6 43.
Qxg6 Rxg6 44. Rxd5 Re6 45. Rd8+ Kh7 46. Kg2 Ree7 47.
b4 cxb4 48. cxb4 Rd7 49. Rc8 Rd2 50. Kf3 Rfd7 51. a5 R7d3+ 52. Be3 Rd1 53. Rc7+ Kg6 54. Ke2 bxa5 55. bxa5 Rd7 56. Rc6+ Kg7 57. e6 Rd8 58. e7 1-0

[Event "Late-Titled-Tuesday-Blitz-December-26-2023"]
[Site "Chess.com"]
[Date "2023.12.26"]
[Round "8"]
[White "tripledes"]
[Black "DinaBelenkaya"]
[Result "1-0"]
[WhiteElo "2231"]
[BlackElo "2373"]
[TimeControl "180+1"]
[EndTime "15:27:48 PST"]
[Termination "tripledes won on time"]

1. e4 c6 2. d4 d5 3. Nd2 dxe4 4.
Nxe4 Nf6 5. Nxf6+ gxf6 6. Nf3 Bg4 7. Be2 Rg8 8. c3 Nd7 9. h3 Bh5 10. Nh4 Bxe2 11. Qxe2 Nb6 12. Bd2 Qd5 13. b3 O-O-O 14. O-O-O e5 15. Be3 Qa5 16. Qc2 Kb8 17. Kb1 Nd5 18.
Bd2 exd4 19. cxd4 Bb4 20. Rhe1 Bxd2 21. Rxd2 Rge8 22. Rc1 Nb4 23. Qc3 Rd5 24. g4 Qa3 25.
Nf5 h5 26. Ne3 Rb5 27. Nc4 Qa6 28. Nd6 Rd8 29. Nxb5 Qxb5 30. Qc5 Qxc5 31. Rxc5 hxg4 32. hxg4 Nd5 33. Rc1 Rg8 34. f3 Rh8 35. Re1 Kc7 36. Kc2 Rh3 37. Kd3 Rxf3+ 38. Ke2 Rf4 39. Rg1 Re4+ 40. Kf3 Re3+ 41. Kf2 Rc3 42. Rg3 Rc1 43. Kf3 Kd6 44. Ke4 Re1+ 45. Kd3 Nf4+ 46. Kc2 Rh1 47. Rf2 Nd5 48. g5 fxg5 49. Rxf7 Rh2+ 50. Kc1 b5 51. Rxg5 Rxa2 52. Rg6+ 1-0

[Event "Late-Titled-Tuesday-Blitz-December-26-2023"]
[Site "Chess.com"]
[Date "2023.12.26"]
[Round "8"]
[White "robertoalejandro10"]
[Black "FontVella8"]
[Result "0-1"]
[WhiteElo "2575"]
[BlackElo "2777"]
[TimeControl "180+1"]
[EndTime "15:27:49 PST"]
[Termination "FontVella8 won by resignation"]

1. Nf3 Nf6 2. c4 e6 3. g3 d5 4. b3 Be7 5. Bg2 O-O 6. O-O a5 7. Bb2 c6 8. d3 Nbd7 9. Na3 a4 10. Nc2 a3 11. Bc3 b6 12. Ne5 Bb7 13. Nxd7 Qxd7 14.
Rb1 Rfd8 15. Qc1 b5 16. Ba1 b4 17. Qd2 c5 18. cxd5 Bxd5 19. Ne3 Bxg2 20. Kxg2 Qc6+ 21.
Kg1 Ne4 22. Qc2 Ng5 23. h4 Nf3+ 24. exf3 Qxf3 25. Qc4 h5 26. Qe4 Qxe4 27. dxe4 Rd2 28. Rfd1 Rxa2 29. Rd7 Bf6 30. e5 Rd8 31. Rxd8+ Bxd8 32. Nc4 Be7 33. Kf1 g5 34. hxg5 Bxg5 35. Rd1 Kg7 36.
Rb1 Kg6 37. Nb6 h4 38. gxh4 Bxh4 39. Kg2 Bxf2 40. Kf3 Bh4 41. Ke4 Bg5 42. Nd7 c4 43.
bxc4 b3 44. Nc5 Rxa1 45. Rxa1 b2 46. Rg1 a2 47. Nb3 b1=Q+ 0-1

[Event "Late-Titled-Tuesday-Blitz-December-26-2023"]
[Site "Chess.com"]
[Date "2023.12.26"]
[Round "8"]
[White "Fh2411"]
[Black "sofaceindisguise"]
[Result "0-1"]
[WhiteElo "2542"]
[BlackElo "2737"]
[TimeControl "180+1"]
[EndTime "15:27:49 PST"]
[Termination "sofaceindisguise won on time"]

1. d4 Nf6 2. Nf3 d5 3. Bf4 e6 4. e3 Bd6 5. Bg3 O-O 6. Nbd2 b6 7. Bd3 Bb7 8. Ne5 Ne4 9. f3 Nxd2 10. Qxd2 c5 11. c3 Qc7 12. f4 Nd7 13. Qc2 Nf6 14. O-O Ne4 15. Bh4 f6 16. Nf3 c4 17. Bxe4 dxe4 18.
Nd2 b5 19. Nxe4 f5 20. Nd2 Bd5 21. Rae1 a5 22. Qd1 b4 23. g4 bxc3 24. bxc3 Rab8 25. Rf2 Rb2 26. Nf1 Rfb8 27. gxf5 exf5 28. Qh5 g6 29. Qg5 Rxf2 30. Kxf2 Re8 31. Ng3 Be7 32. Qh6 Bf8 33. Qg5 Bg7 34. Nf1 Qb7 35. Re2 Qb1 36. Qg3 a4 37. Nd2 Qd3 38. Nf3 Qxc3 39. Ne5 Qa1 40. Qg1 Qxg1+ 41. Kxg1 Rc8 42. Be1 Be4 43. Bc3 a3 44.
Kf2 Bf8 45. Nd7 Be7 46. Nb6 Rc6 47. Nd7 Bd3 48. Rd2 Rc7 49. Ne5 Bh4+ 50. Kg1 Be4 51.
Kf1 Rb7 52. Rd1 Bd5 53. Rc1 g5 54. fxg5 Bxg5 55. Ke2 Kf8 56. Rg1 h6 57. Nf3 Bf6 0-1

[Event "Late-Titled-Tuesday-Blitz-December-26-2023"]
[Site "Chess.com"]
[Date "2023.12.26"]
[Round "8"]
[White "youngdinousaur"]
[Black "Defenstrator"]
[Result "1/2-1/2"]
[WhiteElo "2309"]
[BlackElo "2462"]
[TimeControl "180+1"]
[EndTime "15:27:49 PST"]
[Termination "Game drawn by agreement"]

1. d4 d5 2. Nf3 Nf6 3. Bf4 e6 4. e3 Bd6 5. c3 c6 6. Bd3 Qc7 7.
Bg3 Nbd7 8. Nbd2 e5 9. dxe5 Nxe5 10. Nxe5 Bxe5 11. Nf3 Bxg3 12. hxg3 Bg4 13. Qc2 Bh5 14.
a3 Bg6 15. Bxg6 fxg6 16. c4 O-O-O 17. O-O h5 18. cxd5 Rxd5 19. Rfd1 Rf5 20. Rd4 Ng4 21. Rad1 Rhf8 22. b4 Ne5 23. Rf4 Nxf3+ 24. gxf3 Rxf4 25. gxf4 g5 26. fxg5 Rxf3 27. Qe4 Qf7 28. Rd2 Rf5 29. f4 g6 30. Qd4 Rd5 31. Qh8+ Kc7 32. Rxd5 cxd5 33.
Qe5+ Kc6 34. Qc3+ Kb5 35. Qc5+ Ka4 36. Qxa7+ Kb3 37. b5 Qf5 38. Qd4 Qg4+ 39. Kf2 Qh4+ 40. Ke2 Qg4+ 41. Kf2 Qh4+ 42. Ke2 Qg4+ 1/2-1/2

[Event "Late-Titled-Tuesday-Blitz-December-26-2023"]
[Site "Chess.com"]
[Date "2023.12.26"]
[Round "8"]
[White "Grindaveci"]
[Black "Statham_l3"]
[Result "1-0"]
[WhiteElo "2403"]
[BlackElo "2555"]
[TimeControl "180+1"]
[EndTime "15:27:53 PST"]
[Termination "Grindaveci won by checkmate"]

1. e4 e5 2. Nf3 Nc6 3. Bb5 a6 4. Ba4 Nf6 5. O-O Be7 6. Re1 b5 7. Bb3 O-O 8. h3 d5 9. exd5 Nxd5 10.
Nxe5 Nxe5 11. Rxe5 Bb7 12. d4 Bf6 13. Re1 Re8 14.
Rxe8+ Qxe8 15. Nc3 Nxc3 16. bxc3 c5 17. dxc5 Rd8 18.
Qf1 Bxc3 19. Rb1 Qc6 20. Be3 a5 21. a4 b4 22. f3 h6 23. Rd1 Re8 24. Bf2 Qg6 25. Qd3 Qf6 26. Qd6 Qg5 27. c6 Bc8 28.
Qd5 Qg6 29. Qxa5 Bxh3 30. g3 Bd4 31. Rxd4 Qf6 32. Qd5 Re2 33. Qxf7+ Qxf7 34. Bxf7+ Kxf7 35. Rc4 b3 36. cxb3 Rb2 37. c7 Rb1+ 38. Kh2 Be6 39.
c8=Q Bxc8 40. Rxc8 Rxb3 41. a5 Ra3 42. Bb6 Ra2+ 43.
Kh3 Kg6 44. Rc7 Kh5 45. g4+ Kg6 46.
Rc6+ Kh7 47. Rc7 Kg6 48. Bd4 h5 49. Rxg7+ Kh6 50. g5# 1-0

[Event "Late-Titled-Tuesday-Blitz-December-26-2023"]
[Site "Chess.com"]
[Date "2023.12.26"]
[Round "8"]
[White "GlavkonVVS"]
[Black "UmutErdemGunduz"]
[Result "0-1"]
[WhiteElo "2535"]
[BlackElo "2718"]
[TimeControl "180+1"]
[EndTime "15:27:54 PST"]
[Termination "UmutErdemGunduz won by resignation"]

1. c4 c6 2. Nc3 d5 3. d4 dxc4 4. a4 e5 5. dxe5 Qxd1+ 6. Nxd1 Bb4+ 7. Bd2 Bxd2+ 8. Kxd2 Na6 9. e3 Be6 10. Nf3 O-O-O+ 11. Kc3 Nc5 12. Bxc4 Ne4+ 13. Kb3 Rd3+ 14. Nc3 Nxf2 15. Bxe6+ fxe6 16. Rhf1 Ng4 17. Ng5 N8h6 18. Nxe6 Re8 19. Nxg7 Rxe5 20. Rf8+ Kc7 21. Rd1 Rxd1 22. Nxd1 Nxe3 23. Nxe3 Rxe3+ 24. Ka2 Re2 25. Rf6 Ng4 26. Rf7+ Kb6 27. Nf5 Rf2 28. Nd6 Rxf7 29. Nxf7 Nxh2 30. Ng5 h6 31. Nf7 Ng4 32. Kb3 Kc5 33. Kc3 a5 34. Kd3 Kb4 35. Nd6 b6 36. Nc8 Ne5+ 37. Ke4 Nd7 38. Kf5 Kxa4 39. Ke6 Nc5+ 40. Kd6 Kb5 41. Na7+ Kc4 42. Nxc6 a4 43. Ne5+ Kb3 44. Kc6 Kxb2 45.
Kxb6 Ne4 46. g4 Nf2 47. Nc4+ Kb3 48. Nd2+ Kc2 49. Nc4 Kb3 50. Nd2+ Kb4 51. Nb1 Nxg4 52. Kc6 a3 53. Nxa3 Kxa3 54. Kd5 Nf6+ 55. Ke6 Ng8 56.
Kf5 Kb4 57. Kg6 Kc5 58. Kf5 Kd5 59. Kf4 Ke6 60. Kg4 Kf6 61. Kh5 Kf5 0-1

[Event "Late-Titled-Tuesday-Blitz-December-26-2023"]
[Site "Chess.com"]
[Date "2023.12.26"]
[Round "8"]
[White "rasmussvane"]
[Black "GMBenjaminBok"]
[Result "1-0"]
[WhiteElo "2931"]
[BlackElo "2959"]
[TimeControl "180+1"]
[EndTime "15:27:55 PST"]
[Termination "rasmussvane won by resignation"]

1. Nf3 d5 2. g3 c6 3. Bg2 Bg4 4. O-O Nd7 5. h3 Bh5 6. d4 e6 7. c4 Be7 8. Nc3 Ngf6 9. cxd5 exd5 10. Ne5 Bg6 11. f4 Be4 12. Nxe4 Nxe4 13. Bxe4 dxe4 14.
Qb3 Nxe5 15. dxe5 Qb6+ 16. Be3 Bc5 17. Bxc5 Qxc5+ 18. Kg2 Qb6 19. Rfd1 Qxb3 20. axb3 Ke7 21. Kf2 a5 22. Ke3 Ra6 23. Kxe4 Rb6 24. Rd3 Rd8 25. Rad1 Rxd3 26. Rxd3 Rb4+ 27. Kf3 g6 28. g4 Ke6 29. e3 c5 30. h4 b5 31. h5 gxh5 32. gxh5 h6 33. Rd6+ Ke7 34. Rxh6 Rxb3 35. Rc6 c4 36. f5 Rxb2 37. Rc7+ Ke8 38. f6 Rh2 39. Re7+ Kd8 40. Rxf7 c3 41. e6 c2 42. e7+ Kd7 43. Rf8 Rh3+ 44.
Kg2 Rxe3 45. Rd8+ Kc7 46. f7 c1=Q 47. Rc8+ Kxc8 48. e8=Q+ Rxe8 49. fxe8=Q+ Kc7 50. Qxb5 Qc6+ 51. Qxc6+ Kxc6 52. h6 a4 53. h7 a3 54. h8=Q 1-0

[Event "Late-Titled-Tuesday-Blitz-December-26-2023"]
[Site "Chess.com"]
[Date "2023.12.26"]
[Round "8"]
[White "hangemhigh"]
[Black "slidingknight2775"]
[Result "0-1"]
[WhiteElo "2467"]
[BlackElo "2680"]
[TimeControl "180+1"]
[EndTime "15:27:56 PST"]
[Termination "slidingknight2775 won on time"]

1. d4 d5 2. Nc3 Nf6 3. Bf4 a6 4. Nf3 e6 5. e3 c5 6. Bd3 b5 7. a3 Bb7 8. O-O Nc6 9. h3 Bd6 10. Bg5 h6 11. Bh4 O-O 12. Re1 c4 13. Bf1 Be7 14. Ne5 Nxe5 15. dxe5 Nd7 16. Bg3 b4 17.
axb4 Bxb4 18. Qh5 a5 19. Red1 Qg5 20. Qe2 Nxe5 21. Nb5 Nc6 22. Kh2 Qe7 23. e4 Rad8 24. c3 Bc5 25. Re1 Qf6 26. Qh5 Qg5 27. Qe2 Ba6 28.
Nc7 Bb7 29. exd5 exd5 30. Qf3 d4 31. h4 Qf6 32. Qxf6 gxf6 33. Bxc4 dxc3 34. bxc3 Ne5 35. Bf1 Ng4+ 36. Kg1 Rd2 37. Re2 Rxe2 38. Bxe2 Ne5 39. Rb1 Be4 40. Rb5 Bd6 41. Nd5 Bxd5 42. Rxd5 Bc7 43. Rc5 Bb6 44. Rb5 Bc7 45. Rb7 Bd8 46. f4 Ng6 47. h5 Ne7 48. Bc4 Nf5 49. Bf2 Nd6 0-1

[Event "Late-Titled-Tuesday-Blitz-December-26-2023"]
[Site "Chess.com"]
[Date "2023.12.26"]
[Round "8"]
[White "ZuraTqebuchava"]
[Black "EsmeraldasAnderson03"]
[Result "0-1"]
[WhiteElo "2178"]
[BlackElo "2396"]
[TimeControl "180+1"]
[EndTime "15:27:56 PST"]
[Termination "EsmeraldasAnderson03 won on time"]

1. e4 c5 2. Nf3 d6 3. Bb5+ Bd7 4.
Bxd7+ Qxd7 5. c4 Nf6 6. Nc3 Nc6 7. d4 cxd4 8. Nxd4 Nxd4 9. Qxd4 g6 10. O-O Bg7 11. Qd3 O-O 12. h3 Rfc8 13. Be3 a6 14. Rac1 b5 15. cxb5 axb5 16. a3 Rab8 17. Rfd1 b4 18.
axb4 Rxb4 19. e5 Ne8 20. Nd5 Rxc1 21. Bxc1 Rb7 22. exd6 Nxd6 23. Nxe7+ Qxe7 24. Qxd6 Qxd6 25. Rxd6 Bxb2 26. Bh6 f5 27. g3 Bg7 28. Bf4 Kf7 29.
Kg2 Re7 30. Ra6 Bf6 31. h4 Rd7 32. Kf3 Re7 33. Rxf6+ Kxf6 34. Bg5+ Ke6 35. Bxe7 Kxe7 36. Kf4 Kf6 37. f3 h6 38. Ke3 Ke5 39. Kd3 Kd5 40.
Ke3 Ke5 41. Kd3 g5 42. hxg5 hxg5 43. g4 fxg4 44. fxg4 Kf4 45. Ke2 Kxg4 46. Kf2 Kh3 47. Kf1 Kg3 48. Kg1 g4 49. Kh1 Kf2 50. Kh2 g3+ 0-1